 Dungeon Crawl Stone Soup version 0.21.1-1-g345015f (webtiles) character file.

44 poirepourri the Chopper (level 3, -2/29 HPs)
             Began as a Formicid Fighter on June 3, 2018.
             Slain by an orc priest
             ... wielding a +0 falchion
              (6 damage)
             ... on level 2 of the Dungeon.
             The game lasted 00:01:03 (1218 turns).

poirepourri the Chopper (Formicid Fighter)          Turns: 1218, Time: 00:01:04

Health: -2/29      AC:  3    Str: 25    XL:     3   Next: 85%
Magic:  3/3        EV:  8    Int:  7    God:
Gold:   57         SH:  9    Dex: 11    Spells: 2/2 levels left

rFire    . . .     SeeInvis +   a - +0 war axe
rCold    . . .     Gourm    .   c - +0 shield
rNeg     . . .     Faith    .   b - +0 scale mail
rPois    .         Spirit   .   (helmet unavailable)
rElec    .         Reflect  .   (no cloak)
rCorr    .         Harm     .   (no gloves)
MR       +....                  (no boots)
Stlth    ..........             (no amulet)
HPRegen  0.09/turn              (no ring)
MPRegen  0.08/turn              (no ring)

@: mighty, flying, drained
A: permanent stasis, dig shafts and tunnels, four strong arms, antennae 3,
deformed body, magic resistance 1
a: Dig, Shaft Self


You were on level 2 of the Dungeon.
You were full.

You visited 1 branch of the dungeon, and saw 2 of its levels.

You collected 57 gold pieces.

Inventory:

Hand Weapons
 a - a +0 war axe (weapon)
Armour
 b - a +0 scale mail (worn)
 c - a +0 shield (worn)
Jewellery
 j - a cursed ring of teleportation {unknown}
Scrolls
 h - a scroll of random uselessness {unknown}
 i - a scroll of blinking {unknown}
Comestibles
 k - a ration


   Skills:
 - Level 3.2(2.9) Fighting
 + Level 3.9(3.5) Axes
 - Level 3.2(2.9) Armour
 - Level 3.6(3.2) Shields


You had 2 spell levels left.
You didn't know any spells.

Dungeon Overview and Level Annotations

Branches:
Dungeon (2/15)

Altars:


Innate Abilities, Weirdness & Mutations

You cannot be hasted, slowed, berserked, paralysed or teleported.
You can dig through walls and to a lower floor.
Your four strong arms can wield two-handed weapons with a shield.
You have a pair of large antennae on your head. (SInv)
Armour fits poorly on your strangely shaped body.
You are resistant to hostile enchantments. (MR+)


Message History

Okay, then.
Okay, then.
It was a potion of mutation.
You feel extremely strange.
Your body twists and deforms.
You feel resistant to hostile enchantments.
The orc wizard gestures wildly while chanting.
The orc wizard blinks!
The orc priest looks encouraged for a moment.
It was a potion of flight.
You feel very buoyant.
You fly up into the air.
The orc priest calls upon Beogh to heal something.
The orc priest begins to cast a cantrip, but forgets the words!
It was a potion of haste.
Your stasis prevents you from being hasted.
The orc priest calls upon Beogh to heal something.
An orc wizard comes into view. It is wielding a dagger.
You barely miss the orc priest.
The orc priest hits you with a falchion.
You die...

oo.........##
{{.........#########
........{.........#
#.o.....#######.#
##.....## #.#
##oo..# #.# #.##.#
#.# #o##># ##.####
#@##..# #......
#.###.# #..####
#######.....# #..#
..........#.# #..#
#########.#.# #..#
.# #..#### { ..
....... #. #......
.# .#####


You could see 2 orc priests, an orc wizard and an orc.

Vanquished Creatures
  An adder (D:2)
  An ooze (D:1)
  A worm (D:2)
  A dart slug (D:1)
  2 leopard geckos (D:1)
  A ball python (D:1)
  5 giant cockroaches (D:1)
  2 hobgoblins (D:1)
  4 kobolds (D:1)
  A quokka (D:2)
  A frilled lizard (D:1)
  3 rats (D:1)
23 creatures vanquished.

Notes
Turn   | Place    | Note
-------+----------+-------------------------------------------
     0 | D:1      | poirepourri the Formicid Fighter began the quest for the Orb.
     0 | D:1      | Reached XP level 1. HP: 18/18 MP: 1/1
   155 | D:1      | Reached XP level 2. HP: 24/24 MP: 2/2
   529 | D:1      | Reached XP level 3. HP: 26/29 MP: 3/3
  1215 | D:2      | Gained mutation: Armour fits poorly on your strangely shaped body. [potion of mutation]
  1215 | D:2      | Gained mutation: You are resistant to hostile enchantments. (MR+) [potion of mutation]
  1218 | D:2      | Slain by an orc priest

Skill      XL: |  1  2 |
---------------+-------+-----
Axes           | 3 |  3.9
Fighting       | |  3.2
Armour         | |  3.2
Shields        | |  3.6

Action                   || total
-------------------------++-------
Melee: War axe           ||    76
  Use: Scroll            ||     3
       Potion            ||     4
  Eat: Ration            ||     2
Armor: Scale mail        ||    24
Dodge: Dodged            ||    22
Block: Shield            ||    43
